 Seeded DCSS version 0.27.1-2-g3b301248ec (webtiles) character file.

Game seed: 6258058316398713103 (custom seed)

16651 a11behringer the Severer (level 12, 0/90 HPs)
             Began as a Minotaur Fighter on Sept 23, 2021.
             Was a High Priest of Okawaru.
             Slain by a skeletal warrior (9 damage)
             ... led by a death knight
             ... on level 12 of the Dungeon.
             The game lasted 00:42:48 (10057 turns).

a11behringer the Severer (Minotaur Fighter)        Turns: 10057, Time: 00:42:49

Health: 0/90       AC: 29    Str: 21    XL:     12   Next: 11%
Magic:  12/14      EV: 12    Int:  5    God:    Okawaru [*****.]
Gold:   1053       SH:  9    Dex: 18    Spells: 11/11 levels left

rFire    + + .     SeeInvis +   e - +2 war axe (vorpal)
rCold    . . .     Faith    .   E - +2 buckler
rNeg     . . .     Spirit   .   I - +2 chain mail of Kapnozaff {rF+ Will- Slay+2}
rPois    +         Reflect  .   m - +2 hat
rElec    +         Harm     .   Q - +1 cloak {rCorr}
rCorr    +         Rampage  .   i - +1 pair of gloves {Dex+3}
Will     .....                  R - +1 pair of boots "Addourea" {rElec rPois rF+}
Stlth    ..........             t - amulet of the acrobat
HPRegen  0.25/turn              w - +4 ring of protection
MPRegen  0.14/turn              h - ring of see invisible

@: mighty, heroic, slowed, very slow
A: horns 2, retaliatory headbutt
a: Renounce Religion, Heroism, Finesse


You were on level 12 of the Dungeon.
You worshipped Okawaru.
Okawaru was extremely pleased with you.
You visited 1 branch of the dungeon, and saw 12 of its levels.

You collected 1053 gold pieces.

Inventory:

Hand Weapons
 a - a +1 war axe
 e - a +2 vorpal war axe (weapon)
 v - a +0 hand crossbow
 L - a +4 war axe
Missiles
 s - 167 bolts
 N - 4 throwing nets (quivered)
Armour
 i - a +1 pair of gloves of dexterity (worn)
 l - a +0 tower shield
 m - a +2 hat (worn)
 A - +0 steam dragon scales
 E - a +2 buckler (worn)
 I - the +2 chain mail of Kapnozaff (worn) {rF+ Will- Slay+2}
   (You found it on level 8 of the Dungeon)

   Slay:      It affects your accuracy & damage with ranged weapons and melee
   (+2).
   rF:        It protects you from fire.
   Will:      It decreases your willpower.
 K - a +0 plate armour
 Q - a +1 cloak of preservation (worn)
 R - the +1 pair of boots "Addourea" (worn) {rElec rPois rF+}
   (Okawaru gifted it to you on level 10 of the Dungeon)

   rF:        It protects you from fire.
   rElec:     It insulates you from electricity.
   rPois:     It protects you from poison.
 U - the +2 pair of gloves "Qeneblib" {Fly Regen+ Dex-4}
   (Okawaru gifted it to you on level 12 of the Dungeon)

   Dex:       It affects your dexterity (-4).
   Fly:       It grants you flight.
   Regen:     It increases your rate of health regeneration.
Jewellery
 c - a +4 ring of protection
 f - a ring of resist corrosion
 h - a ring of see invisible (right hand)
 t - an amulet of the acrobat (around neck)
 w - a +4 ring of protection (left hand)
 D - a +6 ring of intelligence
Wands
 n - a wand of acid (6)
 p - a wand of iceblast (7)
 x - a wand of flame (69)
 C - a wand of mindburst (25)
 H - a wand of charming (3)
Scrolls
 k - a scroll of vulnerability
 r - a scroll of acquirement
 y - 3 scrolls of amnesia
 B - 3 scrolls of teleportation
 F - 3 scrolls of enchant weapon
 G - a scroll of enchant armour
 J - 2 scrolls of magic mapping
 S - a scroll of fog {unknown}
Potions
 d - 2 potions of might
 g - 2 potions of brilliance
 j - a potion of haste
 o - 2 potions of degeneration
 q - 2 potions of curing {unknown}
 u - a potion of attraction {unknown}
 z - a potion of invisibility {unknown}
 M - a potion of mutation {unknown}
 O - 2 potions of ambrosia {unknown}
 P - a potion of cancellation {unknown}
 T - a potion of lignification {unknown}


   Skills:
 - Level 3.6(8.6) Fighting
 + Level 18.8(23.8) Axes
 - Level 7.4(12.4) Crossbows
 + Level 10.6(15.6) Armour
 * Level 2.3(7.3) Dodging
 - Level 5.2(10.2) Shields
 - Level 4.0 Invocations
 - Level 4.1 Evocations


You had 11 spell levels left.
You didn't know any spells.
Your spell library contained the following spells:

 Spells                   Type           Power      Damage    Failure   Level
 Foxfire                  Conj/Fire      0%         2x1d4     95%         1
 Magic Dart               Conj           0%         1d3       95%         1
 Pain                     Necr           0%         1d4       95%         1
 Call Imp                 Summ           0%         N/A       98%         2
 Conjure Flame            Conj/Fire      0%         6-21      100%        3
 Gell's Gravitas          Tloc           0%         N/A       100%        3
 Inner Flame              Hex/Fire       0%         N/A       100%        3
 Lesser Beckoning         Tloc           0%         N/A       100%        3
 Mephitic Cloud           Conj/Pois/Air  0%         N/A       100%        3
 Teleport Other           Tloc           0%         N/A       100%        3
 Olgreb's Toxic Radiance  Pois           0%         N/A       100%        4
 Petrify                  Tmut/Erth      0%         N/A       100%        4
 Agony                    Necr           0%         N/A       100%        5
 Excruciating Wounds      Necr           0%         N/A       100%        5
 Metabolic Englaciation   Hex/Ice        0%         N/A       100%        5
 Dispersal                Tloc           0%         N/A       100%        6
 Statue Form              Tmut/Erth      0%         N/A       100%        6
 Ozocubu's Refrigeration  Ice            0%         4d5       100%        7
 Disjunction              Tloc           0%         N/A       100%        8
 Ignition                 Fire           0%         3d3       100%        8


Dungeon Overview and Level Annotations

Branches:
Dungeon (12/15)            Temple (0/1) D:7            Lair (0/6) D:8
    Orc (0/2) D:12

Altars:
Cheibriados
Dithmenos
Fedhas
Okawaru
Zin

Portals:
Trove: D:11 (show slimy rune of Zot)


Innate Abilities, Weirdness & Mutations

You have a pair of horns on your head.
You reflexively headbutt those who attack you in melee.


Message History

You slash the phantasmal warrior!
You headbutt the phantasmal warrior, but do no damage.
The phantasmal warrior is moderately damaged.
You completely miss the skeletal warrior.
You block the phantasmal warrior's attack.
The skeletal warrior hits you with a +0 long sword.
You hit the skeletal warrior. You headbutt the skeletal warrior.
The skeletal warrior is lightly damaged.
You closely miss the phantasmal warrior.
The death knight hits you from afar with a +0 glaive!
The phantasmal warrior hits you.
The skeletal warrior hits you with a +0 long sword.
You barely miss the skeletal warrior.
Your headbutt misses the skeletal warrior.
The skeletal warrior is lightly damaged.
You hit the phantasmal warrior.
A freezing wraith comes into view.
The death knight hits you from afar with a +0 glaive.
* * * LOW HITPOINT WARNING * * *
The phantasmal warrior hits you but does no damage.
You block the skeletal warrior's attack.
You feel much better.
The death knight hits you from afar with a +0 glaive.
You block the phantasmal warrior's attack.
The skeletal warrior hits you with a +0 long sword.
The death knight hits you but does no damage.
You feel very mighty all of a sudden.
The phantasmal warrior barely misses you.
You furiously retaliate!
You headbutt the phantasmal warrior.
The skeletal warrior hits you but does no damage.
The death knight hits you from afar with a +0 glaive!
* * * LOW HITPOINT WARNING * * *
The phantasmal warrior hits you but does no damage.
The skeletal warrior hits you with a +0 long sword!
* * * LOW HITPOINT WARNING * * *
You gain the combat prowess of a mighty hero.
You block the death knight's attack.
The phantasmal warrior hits you but does no damage.
The skeletal warrior hits you with a +0 long sword!
You die...

#...................).#....
#...................).'....
####................>.#....
#..................+....
#..................#####
##...................
#.....Wp####+######...
#.8.8.8zW.........#...
#.......@.........#....
#...8.8...........#
#.................#
..................#
..................+
.#.....#####++##### ......
#...## #...


You could see a death knight, a skeletal warrior, a phantasmal warrior and a
freezing wraith.

Vanquished Creatures
  Harold (D:9)
  A boulder beetle (D:12)
  A hydra (D:10)
  3 two-headed ogres
  An ugly thing (D:11)
  4 manticores
  Maurice (D:10)
  A centaur zombie (D:11)
  A gargoyle (D:12)
  A wolf spider simulacrum (D:11)
  6 trolls
  A hornet (D:10)
  3 shadows
  12 yaks (D:11)
  Grum (D:9)
  A golden eye (shapeshifter) (D:11)
  A wyvern (D:8)
  4 steam dragons
  4 fire bats (D:11)
  4 wargs (D:12)
  3 acid dragons
  4 water moccasins
  A hell hound (D:11)
  4 sky beasts
  A necrophage (D:5)
  4 orc warriors
  2 wolves (D:9)
  An ogre (D:4)
  A centaur (D:12)
  A phantom (D:6)
  2 kobold brigands
  A bullfrog (D:6)
  A gnoll sergeant (D:10)
  A scorpion (D:7)
  A wyvern zombie (D:9)
  A wyvern skeleton (D:7)
  5 killer bees (D:10)
  A howler monkey (D:8)
  12 wights
  2 lava snakes (D:11)
  A bullfrog zombie (D:6)
  A jelly (D:7)
  5 orc priests
  4 hounds
  3 iguanas
  2 orc wizards
  A hound zombie (D:5)
  A hound skeleton (D:5)
  A howler monkey skeleton (D:6)
  2 howler monkey zombies
  8 gnolls
  7 adders
  2 shadow imps
  2 ufetubi (D:5)
  5 worms
  A dart slug (D:4)
  28 orcs
  2 ball pythons
  7 endoplasms
  A giant cockroach (D:2)
  3 goblins
  4 hobgoblins
  2 jackals (D:5)
  17 kobolds
  3 quokkas
  2 bats
  4 frilled lizards
  8 rats
  A fire vortex (D:11)
229 creatures vanquished.

Vanquished Creatures (others)
  2 fire vortices (D:11)
  A plant (D:10)
3 creatures vanquished.

Grand Total: 232 creatures vanquished

Notes
Turn   | Place    | Note
-------+----------+-------------------------------------------
     0 | D:1      | a11behringer the Minotaur Fighter began the quest for the
                  | Orb.
     0 | D:1      | Reached XP level 1. HP: 19/19 MP: 0/0
   173 | D:1      | Found a faded altar of an unknown god.
   179 | D:1      | Reached skill level 3 in Axes
   238 | D:1      | Reached XP level 2. HP: 26/26 MP: 1/1
   247 | D:1      | Identified a scroll of acquirement
   247 | D:1      | Acquired a +0 pair of gloves of dexterity
   690 | D:2      | Reached skill level 4 in Axes
   690 | D:2      | Reached XP level 3. HP: 31/31 MP: 2/2
   785 | D:2      | Found a blossoming altar of Fedhas.
  1246 | D:3      | Reached skill level 5 in Axes
  1308 | D:3      | Reached XP level 4. HP: 31/39 MP: 3/3
  1609 | D:4      | Noticed an ogre
  1615 | D:4      | Killed an ogre
  1616 | D:4      | Reached skill level 6 in Axes
  1616 | D:4      | Reached XP level 5. HP: 4/45 MP: 4/4
  1617 | D:4      | Reached skill level 7 in Axes
  1986 | D:4      | Found an iron altar of Okawaru.
  2028 | D:4      | Became a worshipper of Warmaster Okawaru
  2268 | D:4      | Reached XP level 6. HP: 51/51 MP: 5/5
  2412 | D:4      | Reached skill level 8 in Axes
  2588 | D:5      | Entered Level 5 of the Dungeon
  2596 | D:5      | Noticed a water moccasin
  2601 | D:5      | Killed a water moccasin
  2663 | D:5      | Reached skill level 9 in Axes
  2665 | D:5      | Reached XP level 7. HP: 57/57 MP: 6/6
  3117 | D:6      | Reached skill level 10 in Axes
  3136 | D:6      | Reached * piety under Okawaru
  3198 | D:6      | Reached skill level 11 in Axes
  3336 | D:6      | Reached XP level 8. HP: 62/64 MP: 7/7
  3856 | D:7      | Reached skill level 12 in Axes
  3856 | D:7      | Reached ** piety under Okawaru
  3886 | D:7      | Found a staircase to the Ecumenical Temple.
  3904 | D:7      | Found a glowing silver altar of Zin.
  4159 | D:7      | Found a shadowy altar of Dithmenos.
  4362 | D:7      | Reached skill level 1 in Invocations
  5028 | D:8      | Reached skill level 13 in Axes
  5038 | D:8      | Reached XP level 9. HP: 49/70 MP: 5/9
  5071 | D:8      | Reached *** piety under Okawaru
  5072 | D:8      | Reached skill level 14 in Axes
  5515 | D:8      | Found a staircase to the Lair.
  5650 | D:8      | Identified the +2 chain mail of Kapnozaff {rF+ Will-
                  | Slay+2}
  6028 | D:9      | Noticed a two-headed ogre
  6038 | D:9      | Killed a two-headed ogre
  6038 | D:9      | Reached **** piety under Okawaru
  6057 | D:9      | Reached skill level 5 in Shields
  6078 | D:9      | Acquired a manual of Axes
  6086 | D:9      | Found a snail-covered altar of Cheibriados.
  6247 | D:9      | Noticed Grum
  6258 | D:9      | Killed Grum
  6295 | D:9      | Reached XP level 10. HP: 77/77 MP: 12/12
  6310 | D:9      | Noticed Harold
  6310 | D:9      | Noticed a two-headed ogre
  6318 | D:9      | Killed a two-headed ogre
  6318 | D:9      | Reached ***** piety under Okawaru
  6319 | D:9      | Reached skill level 5 in Crossbows
  6319 | D:9      | Reached skill level 5 in Armour
  6324 | D:9      | Killed Harold
  6892 | D:10     | Entered Level 10 of the Dungeon
  7452 | D:10     | Reached skill level 1 in Evocations
  7455 | D:10     | Reached skill level 15 in Axes
  7648 | D:10     | Noticed a four-headed hydra
  7668 | D:10     | Killed a seven-headed hydra
  7668 | D:10     | Received a gift from Okawaru
  7677 | D:10     | Reached XP level 11. HP: 65/82 MP: 5/13
  7689 | D:10     | Identified the +1 pair of boots "Addourea" {rElec rPois
                  | rF+} (Okawaru gifted it to you on level 10 of the Dungeon)
  7689 | D:10     | Received a gift from Okawaru
  7710 | D:10     | Reached skill level 16 in Axes
  7718 | D:10     | HP: 4/82 [acid (9)]
  7730 | D:10     | Noticed Maurice
  7802 | D:10     | HP: 3/82 [acid (13)]
  7804 | D:10     | Killed Maurice
  8376 | D:10     | Found the +2 robe of Vines {NoPotionHeal Regen+++}
  8834 | D:11     | Reached skill level 17 in Axes
  8897 | D:11     | Noticed a cyan ugly thing
  8908 | D:11     | Killed a cyan ugly thing
  8920 | D:11     | Found a portal to a secret trove of treasure.
  9181 | D:11     | Reached skill level 18 in Axes
  9544 | D:12     | Noticed a boulder beetle
  9559 | D:12     | Killed a boulder beetle
  9559 | D:12     | Received a gift from Okawaru
  9560 | D:12     | Reached skill level 10 in Armour
  9560 | D:12     | Reached skill level 1 in Dodging
  9574 | D:12     | Noticed a two-headed ogre
  9585 | D:12     | Killed a two-headed ogre
  9585 | D:12     | Identified the +2 pair of gloves "Qeneblib" {Fly Regen+
                  | Dex-4} (Okawaru gifted it to you on level 12 of the
                  | Dungeon)
  9585 | D:12     | Received a gift from Okawaru
  9619 | D:12     | Reached XP level 12. HP: 29/90 MP: 11/14
  9746 | D:12     | Found a staircase to the Orcish Mines.
 10052 | D:12     | Noticed a death knight
 10057 | D:12     | Slain by a skeletal warrior

Illustrated notes

Levels and vault maps discovered:
D:1:      sevenhm_arrival_forest_fort_large_2, layout_rooms,
          ebering_ecumenical_altar_sacrificial
D:2:      layout_rooms, basic_altar, minmay_misc_feat_encased,
          grunt_ministairs_2
D:3:      layout_rooms
D:4:      layout_rooms, okawaru_trees_1
D:5:      layout_cave_pools, kennysheep_another_room, st_stairs_7
D:6:      layout_loops_ring
D:7:      layout_layer_cave, mainiacjoe_overflow_tiny_flanked, zin_academy,
          minmay_temple_entry_glassed_door
D:8:      layout_loops_ring, lair_entry_dummy, hangedman_misty_isle
D:9:      layout_cave_pools, cheibriados_altar_1, uniq_harold, uniq_grum
D:10:     layout_small_grid, hellmonk_guarded_unrand_vines, uniq_maurice
D:11:     layout_roguey, enter_trove_6, hangedman_incinerator
D:12:     layout_irregular_city, minmay_orc_entry_guard_dogs,
          serial_column_ruins, column_ruins_hut, column_ruins_hut,
          column_ruins_open_large, column_ruins_grid_3,
          column_ruins_corridor_straight, column_ruins_grid_1,
          column_ruins_grid_1, column_ruins_columns_straight

Skill      XL: |  1  2  3  4  5  6  7  8  9 10 11 12 |
---------------+-------------------------------------+-----
Axes           | 3 4 5 6 7 9 11 13 14 15 18 | 18.8
Invocations    | 1 4 |  4.0
Crossbows      | 4 7 |  7.4
Shields        | 5 |  5.2
Armour         | 4 7 10 | 10.6
Evocations     | 2 4 |  4.1
Dodging        | 1 2 |  2.3
Fighting       | |  3.6

Action                   |  1- 3 |  4- 6 |  7- 9 | 10-12 || total
-------------------------+-------+-------+-------+-------++-------
Melee: War axe           |    70 |    65 |   186 |   322 ||   643
       Headbutt          |     7 |    13 |    43 |    84 ||   147
Invok: Heroism           |       |       |     2 |     8 ||    10
       Finesse           |       |       |       |     2 ||     2
  Use: Scroll            |     9 |     2 |     4 |     1 ||    16
       Potion            |       |       |     1 |     6 ||     7
Armor: Scale mail        |    35 |     3 |       |       ||    38
       Chain mail        |       |    25 |    57 |   145 ||   227
Dodge: Dodged            |    34 |    25 |    60 |   148 ||   267
Block: Kite shield       |    34 |    30 |    49 |       ||   113
       Buckler           |       |       |    25 |   104 ||   129
